 Dungeon Crawl Stone Soup version 0.20-a0-513-g02c11fc (webtiles) character file.

12597 kuniqs the Fighter (level 11, 0/138 HPs)
             Began as a Barachian Berserker on Jan 22, 2017.
             Was a High Priest of Trog.
             Slain by a frost giant
             ... wielding a +2 battleaxe of freezing
              (2 damage)
             ... in an ice cave.
             The game lasted 00:23:15 (11357 turns).

kuniqs the Fighter (Barachian Berserker)           Turns: 11357, Time: 00:23:15

Health: 0/138      AC:  7    Str: 21    XL:     11   Next: 95%
Magic:  11/11      EV: 17    Int:  6    God:    Trog [*****.]
Gold:   583        SH:  0    Dex: 13    Spells: 10/10 levels left

rFire    . . .     SeeInvis .   H - +3 war axe (flame)
rCold    . . .     Gourm    .   E - +0 troll leather armour
rNeg     . . .     Faith    .   (no shield)
rPois    .         Spirit   .   (no helmet)
rElec    .         Reflect  .   K - +0 cloak
rCorr    +         Harm     .   (no gloves)
MR       ++...                  (no boots)
Stlth    ..........             (no amulet)
Regen    1.8/turn               (no ring)
                                z - ring of resist corrosion

@: berserking, fainting, regenerating, very quick
A: swims, slowness 1, strong legs 1
a: Hop, Berserk, Trog's Hand, Brothers in Arms, Burn Spellbooks, Renounce
Religion


You were in an ice cave.
You worshipped Trog.
Trog was extremely pleased with you.
You were fainting.

You visited 2 branches of the dungeon, and saw 12 of its levels.
You also visited: Ice Cave.

You collected 583 gold pieces.

Inventory:

Hand Weapons
 i - a +4 hand axe
 H - a +3 war axe of flaming (weapon)
Missiles
 g - a throwing net
 n - 5 poisoned javelins (quivered)
Armour
 a - +0 steam dragon scales
 w - a +2 leather armour of poison resistance
 E - a +0 troll leather armour (worn)
 J - a +1 robe of cold resistance
 K - a +0 cloak (worn)
Jewellery
 z - a ring of resist corrosion (left hand)
Wands
 c - a wand of acid (11/15)
 l - a wand of flame (18/48)
 u - a wand of polymorph (7/24)
 G - a wand of iceblast (7/15)
Scrolls
 b - 3 scrolls of teleportation
 h - a scroll of blinking
 m - 5 scrolls of remove curse {@r2}
 p - 3 scrolls of fog
 r - a scroll of magic mapping
 t - a scroll of immolation
 v - 3 scrolls of recharging {unknown}
 x - a scroll of torment {unknown}
 y - 2 scrolls of amnesia {unknown}
 I - a scroll of noise {unknown}
 L - a scroll of enchant weapon {unknown}
 M - a scroll of fear {unknown}
Potions
 j - a potion of lignification
 k - a potion of cancellation
 o - a potion of haste
 q - 2 potions of curing {@q1}
 s - a potion of ambrosia
 C - 3 potions of might
 D - a potion of invisibility
 F - a potion of cure mutation
 N - 2 potions of magic {unknown}
 O - a potion of flight {unknown}
 P - 2 potions of resistance {unknown}
 Q - a potion of beneficial mutation {unknown}
 R - a potion of heal wounds
Comestibles
 d - 10 bread rations
 e - 8 meat rations
 f - 4 fruits
 A - 3 chunks of flesh
 B - 3 royal jellies


   Skills:
 + Level 10.8 Fighting
 + Level 9.7 Axes
 + Level 10.7 Armour
 + Level 9.6 Dodging


You had 10 spell levels left.
You didn't know any spells.

Dungeon Overview and Level Annotations

Branches:
Dungeon (11/15)            Temple (1/1) D:7            Lair (0/6) D:8
    Orc: D:9-12

Altars:
Ashenzari
Cheibriados
Dithmenos
Elyvilon
Fedhas
Gozag
Hepliaklqana
Kikubaaqudgha
Makhleb
Okawaru
Ru
Sif Muna
Trog
Xom
Yredelemnul
Zin
The Shining One

Annotations:
IceCv exclusion: ice statue


Innate Abilities, Weirdness & Mutations

You can swim through water.
You cover ground slowly.
You can hop short distances.


Message History

You are fainting from starvation!
You slice the frost giant!! You burn the frost giant!
You hit the frost giant but do no damage.
The frost giant gestures at you while chanting.
The bolt of cold hits you!
You slash the frost giant! You burn the frost giant.
The frost giant hits you with a battleaxe of freezing!!
The frost giant freezes you!
You hit the frost giant. You burn the frost giant.
You hit the frost giant but do no damage.
The frost giant points at you and mumbles some strange words.
The bolt of cold hits you!
* * * LOW HITPOINT WARNING * * *
You hear a howl!
You hit the frost giant but do no damage.
You hit the frost giant but do no damage.
The frost giant hits you with a battleaxe of freezing!
* * * LOW HITPOINT WARNING * * *
The frost giant freezes you.
You die...

#≈≈ .# #≈≈# .# #≈≈# .##
###≈≈# ..###Ch ##≈≈≈≈#
......h
####≈≈≈≈≈##...hhhY ####
##..## #≈≈#.# ##
####..###..#.###≈C≈≈#
.###.#..#.#..#..@#..≈≈≈#
.##.#..#....####.C#.#≈≈≈#
##...######## ###.###≈≈≈#
..#.## ### #≈≈≈# #..##
##≈≈# .#.# #≈≈# #.## ####
#≈# .#.## ##..## ≈#
##..### ##....#


You could see a frost giant.

Vanquished Creatures
  Erica (D:8)
  4 two-headed ogres
  A troll (D:9)
  6 polar bears (IceCv)
  A merfolk (D:9)
  3 hippogriffs
  Sigmund (D:3)
  2 wyverns
  5 yaks (IceCv)
  A steam dragon (D:7)
  2 soldier ants (D:10)
  A water moccasin (D:5)
  3 black bears
  An ice beast (D:9)
  6 orc warriors
  2 sky beasts
  4 phantoms
  7 ogres
  A centaur (D:6)
  A necrophage (D:9)
  4 wolves (IceCv)
  A big kobold (D:10)
  3 bullfrogs
  5 scorpions
  13 killer bees
  A howler monkey (D:4)
  3 wights (D:7)
  A bullfrog zombie (D:8)
  2 crimson imps
  4 hounds
  A bullfrog skeleton (D:4)
  2 jellies
  4 orc priests
  3 centaur skeletons
  A gnoll shaman (D:5)
  7 orc wizards
  Jessica (D:3)
  Terence (D:3)
  4 iguanas
  10 worker ants
  A hound zombie (D:8)
  A hound skeleton (D:10)
  A worker ant zombie (D:5)
  A howler monkey zombie (D:7)
  7 gnolls
  17 adders
  3 shadow imps
  2 oozes
  3 worms
  3 dart slugs
  7 leopard geckos
  45 orcs
  A ball python (D:2)
  2 gnoll zombies (D:9)
  3 goblins
  10 hobgoblins
  9 jackals
  6 quokkas
  8 bats
  5 frilled lizards
  A jackal skeleton (D:9)
  11 kobolds
  8 rats
279 creatures vanquished.

Vanquished Creatures (others)
  2 ogres (D:7)
  A bullfrog (D:7)
  An iguana (D:7)
  A worker ant (D:7)
  3 orcs (D:7)
8 creatures vanquished.

Grand Total: 287 creatures vanquished

Notes
Turn   | Place    | Note
-------+----------+-------------------------------------------
     0 | D:1      | kuniqs the Barachian Berserker began the quest for the Orb.
     0 | D:1      | Reached XP level 1. HP: 18/18 MP: 1/1
   192 | D:1      | Reached XP level 2. HP: 14/24 MP: 2/2
   717 | D:1      | Reached XP level 3. HP: 30/30 MP: 3/3
  1584 | D:2      | Reached XP level 4. HP: 23/37 MP: 4/4
  1928 | D:2      | Reached ** piety under Trog
  1940 | D:2      | Reached XP level 5. HP: 21/42 MP: 5/5
  2620 | D:3      | Noticed Jessica
  2625 | D:3      | Killed Jessica
  2784 | D:3      | Noticed Terence
  2792 | D:3      | Noticed Sigmund
  2792 | D:3      | Killed Terence
  2792 | D:3      | Reached XP level 6. HP: 49/49 MP: 6/6
  2796 | D:3      | Killed Sigmund
  2796 | D:3      | Reached skill level 5 in Fighting
  3308 | D:4      | Reached XP level 7. HP: 55/56 MP: 7/7
  4454 | D:4      | Found an ancient bone altar of Kikubaaqudgha.
  4462 | D:4      | Reached skill level 5 in Armour
  4589 | D:5      | Entered Level 5 of the Dungeon
  4594 | D:5      | Reached skill level 5 in Axes
  4666 | D:5      | Found a bloodstained altar of Trog.
  4676 | D:5      | Reached XP level 8. HP: 64/64 MP: 8/8
  4733 | D:5      | Reached skill level 5 in Dodging
  4767 | D:5      | Found a hazy altar of Hepliaklqana.
  4798 | D:5      | Found a bloodstained altar of Trog.
  4803 | D:5      | Reached *** piety under Trog
  6013 | D:6      | Reached XP level 9. HP: 47/71 MP: 9/9
  6218 | D:6      | Found a glowing golden altar of the Shining One.
  6707 | D:7      | Found an opulent altar of Gozag.
  6984 | D:7      | Found a staircase to the Ecumenical Temple.
  6996 | Temple   | Entered the Ecumenical Temple
  7073 | D:7      | Found a shimmering altar of Xom.
  7137 | D:7      | Found an iron altar of Okawaru.
  7191 | D:7      | Reached **** piety under Trog
  7466 | D:7      | Found a shattered altar of Ashenzari.
  8195 | D:8      | Found a staircase to the Lair.
  8267 | D:8      | Found a bloodstained altar of Trog.
  8269 | D:8      | Noticed Erica
  8275 | D:8      | Reached XP level 10. HP: 80/80 MP: 10/10
  8289 | D:8      | Killed Erica
  8298 | D:8      | Noticed a two-headed ogre
  8311 | D:8      | Received a gift from Trog
  8311 | D:8      | HP: 4/82 [two-headed ogre/giant club (10)]
  8316 | D:8      | Killed a two-headed ogre
  8471 | D:8      | Reached ***** piety under Trog
  8550 | D:8      | Found a white marble altar of Elyvilon.
  9036 | D:9      | Found a basalt altar of Yredelemnul.
  9271 | D:9      | Received a gift from Trog
  9647 | D:10     | Entered Level 10 of the Dungeon
  9713 | D:9      | Reached XP level 11. HP: 72/89 MP: 11/11
 10359 | D:10     | Noticed a two-headed ogre
 10365 | D:10     | Killed a two-headed ogre
 10365 | D:10     | Reached skill level 10 in Fighting
 10365 | D:10     | Reached skill level 10 in Armour
 10463 | D:10     | Noticed a two-headed ogre
 10472 | D:10     | Killed a two-headed ogre
 10909 | D:11     | Noticed a two-headed ogre
 10918 | D:11     | Killed a two-headed ogre
 10941 | D:11     | Found a frozen archway.
 10962 | IceCv    | Entered an ice cave
 11338 | IceCv    | Noticed a frost giant
 11357 | IceCv    | HP: 2/138 [frost giant/battleaxe of freezing (10)]
 11357 | IceCv    | Slain by a frost giant

Vault maps used:
D:1:      dpeg_arrival_tiny_h, solitary_fountain
D:2:      kennysheep_generic_room_11
D:3:      grunt_ministairs_1, uniq_jessica, uniq_sigmund, uniq_terence
D:4:      kiku_gazebo_pond_becter, first_bread, kennysheep_cross_room,
          corexii_item_surrounded_by_moat, nrook_mini_vaults
D:5:      lemuel_doored_altar, basic_altar, hangedman_abyss_or_decor_passed,
          minmay_misc_feat_alley, trog_three_pillars_becter
D:6:      nicolae_tso_carved_into_rock
D:7:      cheibrodos_ashenzari_chains, lemuel_round_altar, basic_altar,
          xom_confusion_cloud
D:8:      elyvilon_altar_1, trog_ov_bears_minmay, lair_entry_dummy,
          special_room, uniq_erica
D:9:      lemuel_zombie_altar_yredelemnul, hangedman_fish_farm
D:11:     cheibrodos_orc_bank, portal_ice_cave_entry_pillars_1, serial_ice,
          serial_ice_e, serial_ice_l, serial_ice_m, serial_ice_a
Temple:   eino_temple_lava
IceCv:    ice_cave_small_giant

Skill      XL: |  1  2  3  4  5  6  7  8  9 10 11 |
---------------+----------------------------------+-----
Fighting       | 4 5 6 8 9 10 | 10.8
Armour         | 3 4 5 6 8 9 10 | 10.7
Dodging        | 3 4 5 7 8 9 |  9.6
Axes           | 4 5 6 7 8 9 |  9.7

Action                   |  1- 3 |  4- 6 |  7- 9 | 10-12 || total
-------------------------+-------+-------+-------+-------++-------
Melee: Hand axe          |   104 |    99 |    36 |       ||   239
       War axe           |       |    37 |   399 |   337 ||   773
Invok: Berserk           |     2 |     6 |    10 |    15 ||    33
       Trog's Hand       |       |       |     1 |     2 ||     3
       Burn Spellbooks   |       |       |       |     1 ||     1
 Abil: Hop               |       |       |     1 |     1 ||     2
Evoke: Wand              |       |       |       |     1 ||     1
  Use: Scroll            |       |       |       |    12 ||    12
       Potion            |       |       |       |     7 ||     7
 Stab: Sleeping          |       |       |       |     1 ||     1
  Eat: Chunk             |     5 |    10 |    26 |    24 ||    65
       Royal jelly       |       |       |     1 |       ||     1
Armor: Animal skin       |     5 |       |       |       ||     5
       Chain mail        |    46 |       |   101 |       ||   147
       Ring mail         |       |    50 |    41 |       ||    91
       Steam dragon scal |       |       |    30 |     8 ||    38
       Troll leather arm |       |       |       |    70 ||    70
       Leather armour    |       |       |       |     5 ||     5
Dodge: Dodged            |    53 |   109 |   275 |   292 ||   729
